 Dungeon Crawl Stone Soup version 0.31-a0-233-g139696dc86 (webtiles) character file.

Game seed: 12814198513100837200

73 qw the Shooter (level 4, -7/36 HPs)
             Began as a Minotaur Hexslinger on July 7, 2023.
             Mangled by Sigmund
             ... wielding a +0 scythe
              (10 damage)
             ... on level 2 of the Dungeon on July 8, 2023.
             The game lasted 00:00:26 (1245 turns).

qw the Shooter (Minotaur Hexslinger)                Turns: 1245, Time: 00:00:28

Health: -7/36      AC:  2    Str: 12    XL:     4   Next: 8%
Magic:  4/4        EV: 12    Int: 10    God:
Gold:   38         SH:  0    Dex: 15    Spells: 4/5 levels left

rFire   + . .        Y - +1 sling
rCold   . . .        (no shield)
rNeg    . . .        c - +0 robe
rPois   .            (helmet restricted)
rElec   .            (no cloak)
rCorr   .            (no gloves)
SInv    .            (no boots)
Will    .....        (no amulet)
Stlth   +            b - ring of protection from fire
HPRegen 0.26/turn    (no ring)
MPRegen 0.09/turn

%: no passive effects
@: no status effects
A: horns 2, retaliatory headbutt
a: no special abilities


You were on level 2 of the Dungeon.
You visited 1 branch of the dungeon, and saw 2 of its levels.

You collected 38 gold pieces.


Innate Abilities, Weirdness & Mutations

You have a pair of horns on your head.
You reflexively headbutt those who attack you in melee.


   Skills:
 - Level 2.0 Fighting
 + Level 4.6 Ranged Weapons
 - Level 2.1 Dodging
 - Level 1.0 Spellcasting
 - Level 2.0 Hexes


You had 4 spell levels left.
You knew the following spells:

 Your Spells              Type           Power      Damage    Failure   Level
a - Slow                  Hex            16%        N/A       16%         1

Your spell library contained the following spells:

 Spells                   Type           Power      Damage    Failure   Level
 Inner Flame              Hex/Fire       2%         N/A       56%         3
 Portal Projectile        Hex/Tloc       4%         N/A       56%         3
 Cause Fear               Hex            2%         N/A       83%         4

Inventory:

Hand Weapons
 Y - a +1 sling (weapon)
Armour
 c - a +0 robe (worn)
Jewellery
 b - a ring of protection from fire (left hand)
Scrolls
 a - a scroll of identify
Potions
 d - a potion of attraction {unknown}
 e - a potion of brilliance {unknown}
 f - a potion of might {unknown}
 g - a potion of enlightenment {unknown}
 h - a potion of mutation {unknown}

Dungeon Overview and Level Annotations

Branches:
Dungeon (2/15)

Altars:

Annotations:
D:2 Sigmund


Message History

You shoot a sling bullet.
The sling bullet closely misses Sigmund.
Sigmund closely misses you.
You shoot a sling bullet. The sling bullet hits Sigmund!
Sigmund is heavily wounded.
Sigmund hits you from afar with a +0 scythe!
You shoot a sling bullet. The sling bullet hits Sigmund.
Sigmund is heavily wounded.
Sigmund hits you from afar with a +0 scythe!
Enter note:
Enter note:
1234 ||| UPGRADING to ring of protection from fire.
b - a ring of protection from fire (left hand)
Enter note:
Enter note:
Enter note:
Enter note:
Enter note:
Enter note:
Enter note:
Enter note: You shoot a sling bullet.
The sling bullet hits Sigmund.
Sigmund is severely wounded.
Sigmund says, "Your kind have come here before.
I understand now why.
You desire death..."
Sigmund casts a spell.
Sigmund flickers and vanishes!
Deactivating autopickup; reactivate with Ctrl-A.
You shoot a sling bullet. You shoot a sling bullet. You shoot a sling bullet.
You shoot a sling bullet. You shoot a sling bullet. You shoot a sling bullet.
Something hits you!
You shoot a sling bullet. You shoot a sling bullet.
You hear some strange, mumbled words.
A magic dart appears from out of thin air!
The magic dart hits you. Something hits you!
You die...

### ... ### ## #######
.. ....... .. #######
####.# .. ..#.# ##
###### #.#.# .#
..#.###@#.##.# .#
###.#.....{....#
.#.#####...#...#.#.##.#
.#.............#.#...
########.#.......######
......)..).##...........
########.#.##'##########
..#....<.#...........
#.#.######...........


There were no monsters in sight!

Vanquished Creatures
  Jessica (D:2)
  An adder (D:2)
  2 dart slugs (D:1)
  3 giant cockroaches
  8 goblins
  4 hobgoblins
  3 ball pythons (D:1)
  2 frilled lizards (D:1)
  2 kobolds
  7 rats
33 creatures vanquished.

Notes
Turn   | Place    | Note
-------+----------+-------------------------------------------
     0 | D:1      | qw the Minotaur Hexslinger began the quest for the Orb.
     0 | D:1      | Reached XP level 1. HP: 16/16 MP: 1/1
     0 | D:1      | 0 ||| qw: Version: 0.3-a-46-gb1f654a
     0 | D:1      | 0 ||| qw: Game counter: 3345
     0 | D:1      | 0 ||| qw: Melee chars always use a shield: true
     0 | D:1      | 0 ||| qw: God list: Okawaru
     0 | D:1      | 0 ||| qw: Allow faded altars: false
     0 | D:1      | 0 ||| qw: Do Orc after clearing Dungeon:15 true
     0 | D:1      | 0 ||| qw: Do second Lair branch before Depths: true
     0 | D:1      | 0 ||| qw: Lair rune preference: random
     0 | D:1      | 0 ||| qw: Goals: Normal
     0 | D:1      | 0 ||| PLANNING D:1-11
    29 | D:1      | 29 ||| FLEEEEING.
    30 | D:1      | 30 ||| FLEEEEING.
    31 | D:1      | 31 ||| FLEEEEING.
   137 | D:1      | Reached skill level 3 in Ranged Weapons
   144 | D:1      | Reached XP level 2. HP: 23/23 MP: 2/2
   664 | D:1      | Reached XP level 3. HP: 23/29 MP: 3/3
   881 | D:1      | 881 ||| READING scroll labelled YCWOG ELINE.
   882 | D:1      | 882 ||| READING scroll labelled TANLAEVU AMPOK.
   883 | D:1      | 883 ||| DROPPING scroll of poison.
  1120 | D:2      | Reached skill level 4 in Ranged Weapons
  1168 | D:2      | Noticed Jessica
  1174 | D:2      | Killed Jessica
  1175 | D:2      | Reached XP level 4. HP: 32/36 MP: 4/4
  1220 | D:2      | Noticed Sigmund
  1234 | D:2      | 1234 ||| UPGRADING to ring of protection from fire.
  1243 | D:2      | HP: 7/36 [something (8)]
  1245 | D:2      | HP: 3/36 [something/magic dart (5)]
  1245 | D:2      | Mangled by Sigmund

Levels and vault maps discovered:
D:1:      onia_arrival_pyramid, layout_loops_corners, minmay_domino_2
D:2:      layout_basic, basic_ecumenical_altar, uniq_jessica, uniq_sigmund

Skill      XL: |  1  2  3 |
---------------+----------+-----
Ranged Weapons | 3 4 |  4.6
Fighting       | 2 |  2.0
Dodging        | |  2.1
Spellcasting   | |  1.0
Hexes          | |  2.0

Action                     |  1- 3 |  4- 6 || total
---------------------------+-------+-------++-------
   Fire: Sling             |    93 |    23 ||   116
    Use: Scroll            |     2 |       ||     2
 Armour: Robe              |     6 |     1 ||     7
  Dodge: Dodged            |    22 |     4 ||    26

Table legend:
 A = Non-vault XP
 B = Vault XP
 C = Vault XP percentage of total XP
 D = Non-vault monster count
 E = Vault monster count
 F = Vault count percentage of total count
                 A         B        C        D         E       F
            +---------+---------+-------+---------+---------+-------
      Total |      64 |      41 |  39.0 |      31 |       2 |   6.1
            +---------+---------+-------+---------+---------+-------
        D:1 |      37 |       4 |   9.8 |      22 |       1 |   4.3
        D:2 |      27 |      37 |  57.8 |       9 |       1 |  10.0
            +---------+---------+-------+---------+---------+-------
